 Dungeon Crawl Stone Soup version 0.11.3 (webtiles) character file.

705 Rycklaryybbe the Covert (level 6, 0/43 HPs)
             Began as a Vampire Stalker on July 16, 2013.
             Slain by a hound skeleton (2 damage)
             ... on Level 4 of the Dungeon.
             The game lasted 00:27:44 (7272 turns).

Rycklaryybbe the Covert (Vampire Stalker)           Turns: 7272, Time: 00:27:45

HP   0/43        AC  4     Str  9      XL: 6   Next: 90%
MP   7/9         EV 12     Int 16      God:
Gold 185         SH  0     Dex 15      Spells:  4 memorised,  2 levels left

Res.Fire  : . . .   See Invis. : +   a - +2 dagger {=f}
Res.Cold  : + + .   Warding    : .   i - +0 elf robe
Life Prot.: + + .   Conserve   : .   (no shield)
Res.Poison: +       Res.Corr.  : .   (no helmet)
Res.Elec. : .       Clarity    : +   c - +0 cloak
Sust.Abil.: . .     Spirit.Shd : .   y - +0 pair of orc gauntlets
Res.Mut.  : .       Stasis     : .   (no boots)
Res.Rott. : +       Ctrl.Telep.: .   m - amulet of clarity
Saprovore : . . .   Levitation : .   (no ring) Ctrl.Flight: .
                                     B - ring of protection from cold

@: regenerating slowly, slightly resistant to hostile enchantments, very
stealthy
A: bottle blood, fangs 3, see invisible, unbreathing
a: Bat Form, Bottle Blood


You were on level 4 of the Dungeon.
You were very thirsty.

You visited 1 branch of the dungeon, and saw 5 of its levels.
You also visited: Sewer.

You collected 165 gold pieces.

Inventory:

Hand weapons
 a - a +2,+2 dagger (weapon) {=f}
 b - a +2,+0 sling of evasion
 s - a +0,+0 short sword of speed
 x - a +2,+2 vampiric hand axe
 C - a cursed -2,-3 hand axe
Missiles
 u - 4 stones (quivered)
 F - a throwing net
Armour
 c - a +0 cloak (worn)
 h - a +0 robe
 i - a +0 elven robe (worn)
 y - a +0 pair of orcish gauntlets (worn)
Magical devices
 r - a wand of polymorph other (4)
 E - a wand of disintegration (10)
Scrolls
 f - a scroll of fog {unknown}
 g - 7 scrolls of identify
 j - 2 scrolls of enchant weapon II {unknown}
 n - a scroll of noise {unknown}
 o - 2 scrolls of enchant armour {unknown}
 q - a scroll of curse jewellery {unknown}
 t - a scroll of blinking {unknown}
 w - 3 scrolls of remove curse {unknown}
 z - a scroll of random uselessness {unknown}
 H - a scroll of fear {unknown}
 I - a scroll of recharging {unknown}
 L - 2 scrolls of magic mapping {unknown}
Jewellery
 m - an amulet of clarity (around neck)
 B - a ring of protection from cold (left hand)
 G - an uncursed amulet of guardian spirit
Potions
 e - a potion of confusion
 k - a potion of brilliance {unknown}
 l - 2 potions of water
 p - 4 potions of curing {unknown}
 v - 2 potions of heal wounds
 A - a potion of restore abilities {unknown}
 D - 2 potions of speed {unknown}
 J - a potion of poison
 K - 3 potions of magic {unknown}
 M - a potion of might {unknown}
 O - a potion of berserk rage {unknown}
Books
 d - a book of Stalking

   Spells                             Type                      Level
   *Fulsome Distillation              Transmutation/Necromancy     1
   *Evaporate                         Fire/Transmutation           2
   Passwall                           Transmutation/Earth          3
   Petrify                            Transmutation/Earth          4
   Dig                                Transmutation/Earth          4
 N - a book of Party Tricks

   Spells                             Type                      Level
   *Summon Butterflies                Summoning                    1
   *Apportation                       Translocation                1
   Blink                              Translocation                2
   Tukima's Dance                     Hexes                        3
   Alistair's Intoxication            Transmutation/Poison         4


   Skills:
 - Level 0.8 Fighting
 - Level 1.1 Short Blades
 - Level 2.1 Dodging
 - Level 8.1 Stealth
 - Level 3.7 Stabbing
 + Level 1.4 Spellcasting
 - Level 5.4 Transmutations


You had 2 spell levels left.
You knew the following spells:

 Your Spells              Type           Power        Failure   Level  Hunger
a - Fulsome Distillation  Trmt/Necr      N/A          10%         1    ##.....
b - Evaporate             Fire/Trmt      ##.....      12%         2    ###....
c - Summon Butterflies    Summ           #........    24%         1    ##.....
d - Apportation           Tloc           #.........   24%         1    ##.....


Dungeon Overview and Level Annotations

Branches:
Dungeon (5/27)
 Temple: D:4-7

Altars:
Xom


Innate Abilities, Weirdness & Mutations

You heal slowly.
You can bottle blood from corpses.
You have razor-sharp teeth.*
You have supernaturally acute eyesight.
You can survive without breathing.*


Message History

The adder is moderately wounded.
The adder closely misses you.
You hit the adder. Your bite misses the adder.
The adder is heavily wounded.
The adder barely misses you.
You miss the adder.
The adder is heavily wounded.
The adder barely misses you. The adder misses you.
You miss the adder. Your bite misses the adder.
The adder is heavily wounded.
The adder barely misses you. The hound skeleton bites you.
* * * LOW HITPOINT WARNING * * *
You hit the adder.
The adder is severely wounded.
The adder bites you.
* * * LOW HITPOINT WARNING * * *
The hound skeleton bites you.
* * * LOW HITPOINT WARNING * * *
The hound skeleton bites you.
You die...

......# r......
......# ........
......# #.......#
####### #.......#
#.......#
#.......# ..###
#g...(..#
.......##'#####...
$......z@(.#
........S..#
..........#
..........#
....(......
.........##
#+###.... ######


You could see an adder, a goblin and a hound skeleton.

Vanquished Creatures
  A centaur (D:5)
  A water moccasin skeleton (D:4)
  3 big fish (Sewer)
  A hound (D:5)
  A scorpion (D:3)
  A worker ant (D:4)
  Ijyb (D:3)
  Jessica (D:2)
  Terence (D:2)
  3 adders
  5 gnolls
  A green rat (D:4)
  A worm (D:3)
  2 grey rats (D:4)
  A giant gecko (D:2)
  2 oozes (D:1)
  An orc (D:3)
  6 ball pythons
  5 giant cockroaches
  9 goblins
  3 hobgoblins
  11 jackals
  A quokka (D:3)
  6 bats
  6 giant newts
  12 kobolds
  14 rats
  A plant (Sewer)
101 creatures vanquished.

Vanquished Creatures (others)
  A worker ant (D:4)
  An adder (D:2)
  2 worms (D:2)
  A goblin (D:2)
  3 hobgoblins (D:2)
  A bat (D:2)
  2 kobolds
  A rat (D:2)
  3 toadstools (D:3)
15 creatures vanquished.

Grand Total: 116 creatures vanquished

Notes
Turn   | Place    | Note
--------------------------------------------------------------
     0 | D:1      | Rycklaryybbe, the Vampire Stalker, began the quest for the Orb.
     0 | D:1      | Reached XP level 1. HP: 15/15 MP: 2/2
   368 | D:1      | Reached skill level 4 in Stealth
   396 | D:1      | Reached XP level 2. HP: 14/21 MP: 3/3
   413 | D:1      | Learned a level 2 spell: Evaporate
   927 | D:2      | Noticed Jessica
   931 | D:2      | Killed Jessica
   931 | D:2      | Reached XP level 3. HP: 26/26 MP: 1/4
   933 | D:2      | Noticed Terence
   964 | D:2      | Killed Terence
  1645 | D:2      | Reached XP level 4. HP: 29/29 MP: 6/6
  1652 | D:2      | Found a shimmering altar of Xom.
  1990 | D:3      | Noticed Ijyb
  2032 | D:3      | Killed Ijyb
  2248 | D:3      | Reached skill level 5 in Transmutations
  2370 | D:3      | Reached XP level 5. HP: 37/37 MP: 7/7
  2936 | D:4      | Reached skill level 5 in Stealth
  3392 | D:4      | Reached XP level 6. HP: 39/43 MP: 6/8
  3421 | D:4      | Found a glowing drain.
  3453 | D:4      | Noticed a phantom
  3541 | Sewer    | Entered a sewer
  3957 | Sewer    | Reached skill level 6 in Stealth
  4792 | Sewer    | HP: 1/43 [adder (3)]
  5642 | Sewer    | Reached skill level 7 in Stealth
  6806 | D:5      | Entered Level 5 of the Dungeon
  6813 | D:5      | Reached skill level 8 in Stealth
  6826 | D:5      | Learned a level 1 spell: Summon Butterflies
  6829 | D:5      | Learned a level 1 spell: Apportation
  7272 | D:4      | HP: 2/43 [hound skeleton (4)]
  7272 | D:4      | Slain by a hound skeleton
